Map: Kairos Junction LE

Players

Clem - Winner!

  • Race: Terran Terran
  • Spawn Location: 5:00

MaNa

  • Race: Protoss Protoss
  • Spawn Location: 11:00

Event: 2019 WCS Spring

VOD

Have the link to the VOD?

Description

Time

  • Played on: May 17, 2019, 9:36 a.m.
  • Length: 6:10

All games in this series

Show
View Real Time Build Order
Export as new Build Order

Clem Terran - Winner!

Build Orders:  

Get SALT Encoding   

  12  0:00  SCV  
  13  0:12  SCV  
  14  0:18  Supply Depot  
  14  0:25  SCV  
  15  0:29  Refinery  
  15  0:40  SCV  
  16  0:44  Barracks  
  16  0:52  SCV  
  17  1:04  SCV  
  18  1:16  SCV  
  19  1:31  Orbital Command  
  20  1:33  Marine  
  20  1:44  Command Center  
  20  1:52  Barracks Reactor  
  20  2:00  Factory  
  20  2:06  Supply Depot  
  20  2:10  SCV  
  20  2:14  Refinery  
  21  2:22  SCV  
  22  2:27  Marine x2  
  24  2:34  SCV  
  25  2:43  Factory Tech Lab  
  25  2:45  Marine x2  
  25  2:46  Starport  
  25  2:50  SCV  
  27  3:02  SCV  
  27  3:03  Siege Tank  
  31  3:05  Marine  
  31  3:07  Marine  
  33  3:15  Orbital Command  
  33  3:18  SCV  
  34  3:25  Viking  
  36  3:28  Marine  
  36  3:30  Marine  
  38  3:38  Siege Tank  
  40  3:43  SCV  
  40  3:44  SCV  
  40  3:48  Supply Depot  
  42  3:50  Marine  
  42  3:51  Marine  
  44  3:58  Viking  
  46  4:09  SCV x2, Marine x2  
  50  4:12  Supply Depot  
  50  4:18  Siege Tank  
  53  4:24  SCV  
  54  4:31  SCV, Bunker  
  54  4:33  Marine  
  54  4:36  SCV  
  54  4:44  SCV, Marine  
  54  4:45  Viking  
  54  4:49  SCV  
  54  4:51  Marine  
  53  4:56  SCV  
  54  5:01  SCV  
  54  5:02  Marine  
  54  5:04  Bunker  
  51  5:10  Siege Tank, Marine  
  56  5:20  Viking  
  57  5:21  Marine  
  57  5:24  Bunker  
  57  5:28  Marine  
  57  5:39  SCV x2, Marine  
  60  5:46  Marine  
  60  5:48  Barracks  
  61  5:55  Barracks  
  61  5:56  Supply Depot  
  62  6:00  Bunker  
Show
View Real Time Build Order
Export as new Build Order

MaNa Protoss 

Build Orders: 1 Gate Expand, Blink Stalkers 

Get SALT Encoding   

  12  0:00  Probe  
  13  0:12  Probe  
  14  0:18  Pylon  
  14  0:24  Probe  
  15  0:32  Probe  
  15  0:38  Gateway  
  15  0:40  Probe  
  16  0:46  Assimilator  
  17  0:51  Probe  
  18  1:03  Probe  
  19  1:15  Probe  
  20  1:25  Cybernetics Core  
  20  1:32  Nexus  
  20  1:35  Probe  
  21  1:42  Pylon  
  21  1:47  Probe  
  21  1:51  Assimilator, Adept  
  22  1:59  Probe  
  25  2:11  Probe, Adept  
  25  2:14  Warp Gate  
  28  2:23  Probe  
  29  2:34  Adept  
  29  2:35  Twilight Council, Probe  
  32  2:44  Probe  
  32  2:48  Probe  
  34  2:57  Probe  
  35  3:00  Probe  
  36  3:06  Blink, Gateway  
  36  3:07  Gateway  
  36  3:09  Probe  
  36  3:12  Probe  
  38  3:24  Robotics Facility  
  38  3:25  Probe  
  40  3:27  Probe  
  40  3:37  Probe, Pylon  
  40  3:39  Probe  
  42  3:49  Probe  
  42  3:50  Pylon  
  42  3:51  Probe  
  42  3:53  Assimilator  
  44  3:55  Assimilator  
  44  4:03  Stalker x2  
  44  4:04  Observer, Probe x2  
  44  4:08  Stalker  
  52  4:13  Pylon  
  54  4:19  Shield Battery  
  54  4:28  Stalker x2  
  57  4:37  Probe  
  50  4:40  Stalker  
  50  4:47  Pylon  
  50  4:52  Stalker  
  42  4:53  Stalker  
  35  5:06  Stalker  
  34  5:07  Probe x2  
  34  5:16  Stalker x2  
  34  5:20  Probe  
  37  5:29  Stalker  
  37  5:30  Probe  
  37  5:33  Probe  
  37  5:35  Stalker  
  43  5:42  Probe  
  39  5:53  Stalker  
  39  5:54  Probe x2  
Tags
 
Add a new tag
Caveats
  • Supply blocks, unpowered buildings, or Contaminate may cause inaccurate times.
  • Supply counts are checked every 10 seconds.